Map: Pylon LE

Players

nachtmahr (MilkiCow)

  • Race: Protoss Protoss
  • League: Master
  • Spawn Location: 5:00

soU - Winner!

  • Race: Zerg Zerg
  • League: Grandmaster
  • Spawn Location: 11:00

VOD

Have the link to the VOD?

Description

Time

  • Played on: Sept. 7, 2025, 3:51 p.m.
  • Length: 4:12
Show
View Real Time Build Order
Export as new Build Order

nachtmahr Protoss 

Build Orders: 1 Gate Expand 

Get SALT Encoding   

  12  0:00  Probe  
  13  0:12  Probe  
  14  0:18  Pylon  
  14  0:25  Probe  
  15  0:34  Probe  
  15  0:41  Gateway  
  16  0:43  Probe  
  16  0:44  Assimilator  
  17  0:54  Probe  
  18  1:07  Probe  
  19  1:16  Pylon  
  19  1:24  Zealot  
  19  1:28  Nexus  
  21  1:42  Cybernetics Core  
  21  1:55  Gateway  
  21  1:56  Zealot  
  23  2:09  Assimilator  
  23  2:16  Probe  
  22  2:29  Pylon  
  18  2:40  Probe  
  18  2:41  Probe  
  19  2:47  Adept  
  19  2:49  Probe  
  22  2:52  Probe  
  24  3:03  Probe  
  25  3:05  Probe  
  25  3:11  Stargate  
  26  3:15  Probe  
  26  3:18  Probe  
  27  3:20  Adept  
  27  3:27  Probe  
  30  3:28  Probe  
  32  3:36  Pylon  
  32  3:40  Probe  
  33  3:46  Probe  
  34  3:50  Shield Battery  
  34  3:59  Pylon  
Show
View Real Time Build Order
Export as new Build Order

soU Zerg - Winner!

Build Orders: Pool First 

Get SALT Encoding   

  12  0:18  Spawning Pool  
  11  0:22  Drone  
  11  0:26  Drone  
  13  0:31  Drone  
  14  0:40  Overlord  
  14  1:04  Zergling x4  
  14  1:05  Zergling x2  
  17  1:17  Extractor  
  16  1:18  Zergling x2  
  17  1:27  Zergling x2  
  18  1:36  Queen  
  18  1:37  Drone  
  21  1:46  Hatchery  
  20  1:51  Zergling x2  
  21  2:03  Overlord  
  20  2:21  Metabolic Boost  
  20  2:23  Zergling x4  
  18  2:37  Zergling x2  
  18  2:43  Zergling x2  
  20  2:47  Zergling x2  
  20  2:50  Zergling x4  
  23  2:55  Zergling x2  
  24  2:59  Zergling x2  
  24  3:04  Zergling x2  
  26  3:10  Zergling x2  
  27  3:15  Zergling x2  
  27  3:17  Zergling x6  
  31  3:20  Zergling x2  
  32  3:28  Overlord  
  32  3:30  Zergling x2  
  33  3:38  Zergling x2  
Tags
 
Add a new tag
Caveats
  • Supply blocks, unpowered buildings, or Contaminate may cause inaccurate times.
  • Supply counts are checked every 10 seconds.